 Dungeon Crawl Stone Soup version 0.29.1-14-g9c671dbff4 (webtiles) character file.

Game seed: 11103828185404911939

67 leafyfresh the Sneak (level 4, 0/27 HPs)
             Began as an Octopode Earth Elementalist on Feb 19, 2023.
             Slain by a rat (3 damage)
             ... on level 2 of the Dungeon.
             The game lasted 00:02:46 (2013 turns).

leafyfresh the Sneak (Octopode Earth Elementalist)  Turns: 2013, Time: 00:02:47

Health: 0/27       AC:  1    Str:  7    XL:     4   Next: 18%
Magic:  8/8        EV: 13    Int: 19    God:
Gold:   84         SH:  0    Dex: 12    Spells: 7/8 levels left

rFire   . . .      SeeInvis .   b - +0 dagger
rCold   . . .      Faith    .   (no shield)
rNeg    . . .      Spirit   .   (helmet restricted)
rPois   .          Reflect  .   (no amulet)
rElec   .          Harm     .   (no ring)
rCorr   .          Rampage  .   (no ring)
Will    .....                   (no ring)
Stlth   +++.......              (no ring)
HPRegen 0.09/turn               (no ring)
MPRegen 0.11/turn               (no ring)
                                (no ring)
                                (no ring)

@: no status effects
A: almost no armour, amphibious, 8 rings, camouflage 1, gelatinous body 1,
(nimble swimmer 1), tentacles
a: no special abilities


You were on level 2 of the Dungeon.
You visited 1 branch of the dungeon, and saw 2 of its levels.

You collected 84 gold pieces.

Inventory:

Hand Weapons
 b - a +0 dagger (weapon)
Armour
 k - the +1 robe "Neifon" {rElec rC+ Int+4 Dex+2}
   (You found it on level 2 of the Dungeon)

   Int:       It affects your intelligence (+4).
   Dex:       It affects your dexterity (+2).
   rC:        It protects you from cold.
   rElec:     It insulates you from electricity.
Scrolls
 c - a scroll of fear {unknown}
 e - 2 scrolls of identify {unknown}
 f - 2 scrolls of teleportation {unknown}
 j - a scroll of blinking {unknown}
Potions
 a - a potion of magic
 d - a potion of ambrosia {unknown}
 g - 2 potions of flight {unknown}
 h - a potion of mutation {unknown}
 i - a potion of berserk rage {unknown}
 l - a potion of attraction {unknown}


   Skills:
 - Level 2.0 Dodging
 + Level 4.1 Stealth
 + Level 2.8 Spellcasting
 - Level 1.0 Transmutations
 + Level 3.7 Earth Magic


You had 7 spell levels left.
You knew the following spells:

 Your Spells              Type           Power      Damage    Failure   Level
a - Sandblast             Erth           32%        2d9       3%          1

Your spell library contained the following spells:

 Spells                   Type           Power      Damage    Failure   Level
 Passwall                 Tmut/Erth      9%         N/A       9%          2
 Stone Arrow              Conj/Erth      18%        3d8       22%         3
 Petrify                  Tmut/Erth      11%        N/A       52%         4


Dungeon Overview and Level Annotations

Branches:
Dungeon (2/15)

Altars:

Annotations:
D:2 Sigmund


Innate Abilities, Weirdness & Mutations

You cannot wear most types of armour.
You are amphibious.
You can wear up to eight rings at the same time.
Your skin changes colour to match your surroundings (Stealth+).
Your rubbery body absorbs attacks. (AC +1, EV +1)
((You are camouflaged when in or above water. (Stealth+)))
You have tentacles for arms and can constrict up to eight enemies at once.


Message History

There are monsters nearby!
You barely miss the adder.
The adder is lightly wounded.
You constrict the adder. The adder bites you.
You hit the adder.
The adder is moderately wounded.
You constrict the adder. The adder misses you.
There are monsters nearby!
You hit the adder but do no damage.
You squeeze the adder, but do no damage.
The adder is heavily wounded.
You constrict the adder. The adder bites you. The rat closely misses you.
There are monsters nearby!
You hit the adder.
The adder is almost dead.
You constrict the adder.
You kill the adder!
Sigmund casts a spell.
Sigmund flickers and vanishes!
Deactivating autopickup; reactivate with Ctrl-A.
The rat bites you.
Unknown command.
Unknown command.
The rat bites you.
You are confused.
You bump into the rock wall.
The rat barely misses you.
You bump into the rock wall.
The rat barely misses you.
Unknown command.
You bump into the rock wall.
The rat closely misses you.
You bump into the rock wall.
Something hits you! The rat barely misses you.
Unknown command.
You bump into the rock wall.
The rat bites you. Something hits you!
* * * LOW HITPOINT WARNING * * *
Unknown command.
You're too confused to move!
The rat barely misses you.
Unknown command.
You feel less confused.
Unknown command.
The rat attacks as you move away! The rat bites you.
You die...

...........##....##.....##.##
................##...'...##.#
#..........#....#...#'#...#.#
##..............'⌠.##.##.⌠'.#
................#.##...##.#.#
..#.............###.....###.#
###........#....##..#.#..##.#
###........#....#..##.##..#.#
).†....<...####.@.###.###...#
###........# ###r###.#######
# #........# #....<.... #
###.###### #......... # #.#
#......... # .# #......... .#
#......... #.........
#.........


You could see a rat.

Vanquished Creatures
  2 adders (D:2)
  3 dart slugs
  6 ball pythons
  6 bats
  7 endoplasms
  A giant cockroach (D:2)
  4 goblins (D:1)
  2 hobgoblins
  4 quokkas
  5 frilled lizards (D:1)
  A kobold (D:1)
  2 rats (D:2)
43 creatures vanquished.

Notes
Turn   | Place    | Note
-------+----------+-------------------------------------------
     0 | D:1      | leafyfresh the Octopode Earth Elementalist began the quest
                  | for the Orb.
     0 | D:1      | Reached XP level 1. HP: 11/11 MP: 3/3
   301 | D:1      | Noticed a great orb of eyes
   307 | D:1      | Reached skill level 3 in Stealth
   312 | D:1      | Reached XP level 2. HP: 13/17 MP: 1/5
   529 | D:1      | Noticed a floating eye
   532 | D:1      | Noticed an eye of devastation
   534 | D:1      | Found a faded altar of an unknown god.
   535 | D:1      | Noticed an eye of devastation
   882 | D:1      | Reached XP level 3. HP: 21/21 MP: 4/6
  1617 | D:2      | Identified the +1 robe "Neifon" {rElec rC+ Int+4 Dex+2}
  1667 | D:2      | Reached skill level 4 in Stealth
  1812 | D:2      | Reached XP level 4. HP: 25/27 MP: 2/8
  1994 | D:2      | Noticed Sigmund
  2013 | D:2      | Slain by a rat

Illustrated notes

Levels and vault maps discovered:
D:1:      psy_arrival_dodecagon, layout_loops_ring,
          hellmonk_ecumenical_altar_watching_god
D:2:      layout_rooms, corexii_corridor_pit, grunt_decor_arrowhead,
          uniq_sigmund

Skill      XL: |  1  2  3 |
---------------+----------+-----
Stealth        | 3 4 |  4.1
Dodging        | |  2.0
Spellcasting   | |  2.8
Transmutations | |  1.0
Earth Magic    | |  3.7

Action                   |  1- 3 |  4- 6 || total
-------------------------+-------+-------++-------
Melee: Dagger            |    41 |     7 ||    48
       Constrict         |    15 |     1 ||    16
       Unarmed           |     7 |       ||     7
       Tentacles         |     9 |     2 ||    11
       Punch             |     2 |       ||     2
 Cast: Sandblast         |    29 |       ||    29
 Stab: Sleeping          |     6 |       ||     6
Armor: Skin              |     7 |       ||     7
Dodge: Dodged            |    54 |    10 ||    64
